 Dungeon Crawl Stone Soup version 0.31-a0-971-g75a2e9a4b4 (webtiles) character file.

Game seed: 11518395624986681631

39 BinkBink the Ruffian (level 3, -2/33 HPs)
             Began as a Troll Shapeshifter on Oct 28, 2023.
             Slain by an adder (4 damage)
             ... on level 4 of the Dungeon.
             The game lasted 00:01:19 (983 turns).

BinkBink the Ruffian (Troll Shapeshifter)            Turns: 983, Time: 00:01:20

Health: -2/33      AC:  4    Str: 22    XL:     3   Next: 28%
Magic:  2/2        EV:  8    Int:  6    God:
Gold:   36         SH:  7    Dex: 11    Spells: 2/2 levels left

rFire   . .          .
                       - Unarmed
rCold   . . .        g - +0 kite shield
rNeg    . . .        a - +0 animal skin
rPois   .            (helmet currently unavailable)
rElec   .            (cloak currently unavailable)
rCorr   .            (gloves unavailable)
SInv    .            (boots unavailable)
Will    .....        (no amulet)
Stlth   +            (no ring)
HPRegen 1.05/turn    (no ring)
MPRegen 0.08/turn

%: no passive effects
@: beast-form
A: beast (slay +1), large, unfitting armour, claws 3, regeneration 1, shaggy fur
1, tough skin 1
a: Begin Untransformation


You were on level 4 of the Dungeon.
You were a hulking beast.
You visited 1 branch of the dungeon, and saw 3 of its levels.

You collected 36 gold pieces.

Inventory:

Armour
 a - a +0 animal skin (worn)
 g - a +0 kite shield (worn)
Talismans
 c - a beast talisman (active)
 d - a flux talisman
Scrolls
 f - 2 scrolls of identify {unknown}
 h - a scroll of blinking {unknown}
 i - 2 scrolls of fear {unknown}
 j - a scroll of vulnerability {unknown}
Potions
 b - a potion of lignification
 e - a potion of mutation {unknown}
 k - a potion of curing {unknown}


   Skills:
 + Level 1.3 Fighting
 + Level 2.0 Dodging
 + Level 3.4 Unarmed Combat
 + Level 3.3 Shapeshifting


You had 2 spell levels left.
You didn't know any spells.
Your spell library contained the following spells:

 Spells                   Type           Power      Damage    Failure   Level
 Apportation              Tloc           0%         N/A       78%         1
 Necrotise                Necr           0%         1d4       78%         1
 Summon Small Mammal      Summ           0%         N/A       78%         1
 Gell's Gravitas          Tloc           0%         N/A       98%         3
 Teleport Other           Tloc           0%         N/A       98%         3
 Dispersal                Tloc           0%         N/A       100%        6


Dungeon Overview and Level Annotations

Branches:
Dungeon (4/15)
 Temple: D:4-7

Altars:

Shops:
D:4 ?:


Innate Abilities, Weirdness & Mutations

You are a hulking beast.
Your limbs bulge with bestial killing power. (Slay +1)
You are too large for most types of armour.
You have claws for hands.
Your natural rate of healing is unusually fast.
You are covered in fur. (AC +1)
You have tough skin. (AC +1)


Message History

Found a stone staircase leading down.
A black bear comes into view.
Found an emerald ring.
The black bear growls angrily.
The ball python bites you.
You claw the ball python!
You kill the ball python!
An adder comes into view.
You closely miss the black bear. You block the black bear's attack.
The black bear barely misses you. The black bear closely misses you.
The adder hisses angrily.
You claw the black bear!
The black bear is moderately wounded.
The black bear bites you. You block the black bear's attack.
The black bear claws you.
You claw the black bear!
The black bear is severely wounded.
You block the black bear's attack. The black bear claws you.
The black bear barely misses you.
A ball python comes into view.
You barely miss the black bear.
The black bear is severely wounded.
The ball python hisses angrily.
The black bear bites you. The black bear claws you.
The black bear closely misses you.
You claw the black bear!
The black bear is almost dead.
The black bear goes berserk!
You barely miss the black bear.
The black bear is almost dead.
The black bear bites you. The black bear claws you. x2
* * * LOW HITPOINT WARNING * * *
The black bear closely misses you. The black bear claws you.
* * * LOW HITPOINT WARNING * * *
The black bear closely misses you. The adder bites you.
* * * LOW HITPOINT WARNING * * *
You claw the black bear!
You kill the black bear!
The adder bites you.
You die...

..........# .. .........
#. ........=. ..###.
......###.
......##..>......
.#...............
......S..........
.........h.......
##..†...S#.....
...#.∩..#### ...
........### #...
.....#....# #....
..##.....#....##...##
...##.......#........
###..###....###.......#
##.#...##..............#


You could see an adder and a ball python.

Vanquished Creatures
  A black bear (D:4)
  A dart slug (D:1)
  7 bats (D:1)
  2 endoplasms (D:1)
  4 hobgoblins (D:1)
  2 kobolds (D:1)
  A quokka (D:1)
  7 ball pythons
  A frilled lizard (D:1)
  4 goblins
  7 rats (D:1)
37 creatures vanquished.

Notes
Turn   | Place    | Note
-------+----------+-------------------------------------------
     0 | D:1      | BinkBink the Troll Shapeshifter began the quest for the
                  | Orb.
     0 | D:1      | Reached XP level 1. HP: 18/18 MP: 0/0
    63 | D:1      | Reached skill level 1 in Fighting
    97 | D:1      | Reached XP level 2. HP: 26/27 MP: 1/1
   518 | D:1      | Reached XP level 3. HP: 33/33 MP: 2/2
   937 | D:2      | You fall into a shaft and drop 2 floors!
   940 | D:4      | Found Ariefav's Vocational Training.
   968 | D:4      | Found Padghijyo's Magic Scroll Boutique.
   973 | D:4      | Noticed a black bear
   982 | D:4      | HP: 1/33 [adder (2)]
   983 | D:4      | Killed a black bear
   983 | D:4      | Slain by an adder

Illustrated notes

Levels and vault maps discovered:
D:1:      dpeg_arrival_yet_another_circle, layout_basic, minmay_split_cup_large
D:2:      layout_basic, roderic_serpentine_path, uniq_terence
D:4:      layout_cave_pools, minmay_temple_entry_glassed_door, serial_shops,
          shop, minivault_24, nicolae_kite_square_tiling_tiny,
          nicolae_shop_vocational

Skill      XL: |  1  2 |
---------------+-------+-----
Fighting       | 1 |  1.3
Dodging        | 2 |  2.0
Unarmed Combat | |  3.4
Shapeshifting  | |  3.3

Action                     || total
---------------------------++-------
  Melee: Unarmed           ||    68
         Punch             ||     1
 Armour: Animal skin       ||    56
  Dodge: Dodged            ||    28
  Block: Kite shield       ||    14
   Form: Beast             ||     1

Table legend: (Time is in decaauts)
 A = Elapsed time spent in this place.
 B = Non-inter-level travel time spent in this place.
 C = Inter-level travel time spent in this place.
 D = Time resting spent in this place.
 E = Time spent auto-exploring this place.
 F = Levels seen in this place.
 G = Mean time per level.
                   A        B        C        D        E       F      G
               +--------+--------+--------+--------+--------+-----+--------+
         Total |    986 |    950 |     36 |      0 |    751 |   3 |  328.7 |
       Dungeon |    986 |    950 |     36 |      0 |    751 |   3 |  328.7 |
               +--------+--------+--------+--------+--------+-----+--------+

Top non-repeatable levels by time:
     D:1: 939 daAuts
     D:4: 46 daAuts
     D:2: 0 daAuts
